[Event "1st Rio Chess Open 2022"]
[Site "Rio de Janeiro"]
[Date "2022.04.22"]
[Round "2.1"]
[White "Gazola, Vanessa Ramos"]
[Black "Mekhitarian, Krikor Sevag"]
[Result "0-1"]
[ECO "E12"]
[WhiteElo "2004"]
[BlackElo "2569"]
[Annotator "TA"]
[PlyCount "60"]
[EventDate "2022.04.18"]
[EventType "swiss"]
[EventCountry "BRA"]
[SourceTitle "playchess.com"]
[Source "ChessBase"]
[SourceQuality "1"]
[TimeControl "5400+30"]

1. d4 Nf6 2. c4 e6 3. Nf3 b6 4. a3 Ba6 5. Qc2 c5 6. d5 exd5 7. cxd5 g6 8. Nc3 Bg7 9. g3 O-O 10. Bg2 Re8 11. O-O d6 12. Re1 Nbd7 13. Bf4 {[%emt 0:05:24] E12: Queen's Indian: Unusual White 4th moves, 4 a3, 4 Nc3 Bb7 5 a3 and 4 Nc3 Bb7 .} Bf8 $5 {[%emt 0:01:11][%mdl 4] A promising side line.} 14. h3 Nh5 15. Bg5 {[%emt 0:02:24] [#] White is slightly better.} Be7 $146 ({Predecessor:} 15... f6 16. Bd2 Ne5 17. g4 Ng7 18. Nxe5 fxe5 19. Qa4 Bc8 20. f4 Bd7 21. Qc2 Rc8 22. Rf1 b5 23. Ne4 h5 24. fxe5 {1-0 (24) Susla,V (2294)-Palma Espinosa,H (2050) LSS email 2015}) 16. Bd2 b5 17. g4 Ng7 18. Bf4 h5 19. Ne4 Nb6 20. Red1 (20. Bh6 $1 $14) 20... Bb7 $11 21. Nxc5 $2 dxc5 $19 22. d6 $2 (22. e4) 22... Bf6 23. g5 {[%emt 0:03:31] [#]} Ne6 $1 {[%emt 0:00:21][%csl LRf4,LRg5] Black is clearly winning.} 24. Be3 (24. Bg3 Bg7) 24... Bg7 25. d7 Nxd7 26. Ne5 Bxe5 27. Bxb7 Rb8 28. Bc6 Bd4 {[%emt 0:00:52] [#] Hoping for ...Bxe3.} 29. Bd2 Qc7 30. Be4 Qg3+ {[%emt 0:10:38] Weighted Error Value: White=0.90/Black=0.17 (very precise)} 0-1

[Event "1st Rio Chess Open 2022"]
[Site "Rio de Janeiro"]
[Date "2022.04.22"]
[Round "2.2"]
[White "Di Berardino, Diego Rafael"]
[Black "Marcolino, Antonio Claudio H."]
[Result "1-0"]
[ECO "B14"]
[WhiteElo "2490"]
[BlackElo "2002"]
[Annotator "TA"]
[PlyCount "75"]
[EventDate "2022.04.18"]
[EventType "swiss"]
[EventCountry "BRA"]
[SourceTitle "playchess.com"]
[Source "ChessBase"]
[SourceQuality "1"]
[TimeControl "5400+30"]

1. e4 c6 2. d4 d5 3. exd5 cxd5 4. c4 Nf6 5. Nc3 Nc6 6. Bg5 e6 7. Nf3 Be7 8. c5 O-O 9. Bb5 Qc7 {[%emt 0:00:00] B14: Caro-Kann: Panov-Botvinnik Attack with 5...e6 and 5...g6.} 10. O-O Re8 (10... h6 $14 {should be considered.} 11. Bh4 Bd7) 11. Re1 $16 Bd7 {[%emt 0:00:00] White is better.} 12. Rc1 {[%emt 0:00:00] [#]} Rac8 $146 ({Predecessor:} 12... a6 13. Ba4 b5 14. Bc2 Reb8 15. Ne5 Qd8 16. Bxf6 Bxf6 17. Bxh7+ Kf8 18. Nxf7 Kxf7 {0-1 (48) Padilla,H (2194)-Principe,G Callao 2007}) 13. Qd2 Qd8 14. h3 h6 15. Bf4 Bf8 16. Bd3 b6 17. Ba6 {[%emt 0:00:00] 0x0.00249b13221edp-1022s more active pieces.} bxc5 18. Bxc8 (18. dxc5 {looks sharper.} Bxc5 19. Bxc8 Bxc8 20. a3) 18... Bxc8 19. dxc5 Bxc5 20. Nxd5 Qxd5 21. Qxd5 {[%emt 0:00:00][%mdl 64] [#] Remove Defender} Nxd5 22. Rxc5 Nxf4 {[%emt 0:00:00] This costs Black the game.} ({Black should try} 22... Ncb4 $1 $14) 23. Rxc6 $18 {[%emt 0:00:00] Black must now prevent Rc7.} Bb7 24. Rc4 Nxh3+ (24... g5 $142 25. Re3 Bd5) 25. gxh3 Bxf3 {[%emt 0:00:26][%mdl 4096] Endgame KRR-KRB} 26. Rec1 Be2 27. Rc8 Kf8 28. a4 a6 29. b4 g6 30. f4 {[%emt 0:00:00] [#] And now Rxe8+ would win.} g5 31. Kf2 Bd3 32. Ke3 Bf5 33. b5 axb5 34. axb5 {[%emt 0:00:04] White mates.} gxf4+ 35. Kxf4 Bxh3 36. Ke5 Bg2 37. Kf6 h5 38. R1c7 {[%emt 0:10:27] Weighted Error Value: White=0.04 (flawless) /Black=0.42} 1-0

[Event "1st Rio Chess Open 2022"]
[Site "Rio de Janeiro"]
[Date "2022.04.22"]
[Round "2.3"]
[White "Ferreira, Marcone Fiuza"]
[Black "Rodriguez Vila, Andres"]
[Result "0-1"]
[ECO "A34"]
[WhiteElo "1995"]
[BlackElo "2435"]
[Annotator "TA"]
[PlyCount "100"]
[EventDate "2022.04.18"]
[EventType "swiss"]
[EventCountry "BRA"]
[SourceTitle "playchess.com"]
[Source "ChessBase"]
[SourceQuality "1"]
[TimeControl "5400+30"]

1. e4 e6 2. c4 c5 3. Nc3 Nc6 4. Nf3 a6 5. Be2 Qc7 6. O-O Nf6 7. h3 {[%emt 0:00:33] [#] A34: Symmetrical English: 2 Nc3, lines with ...d5.} Rb8 $146 ({Predecessor:} 7... b6 8. d3 Bb7 9. Be3 Be7 10. Rc1 O-O 11. a3 Rfd8 12. d4 cxd4 13. Nxd4 Nxd4 14. Qxd4 Bc5 15. Qd3 Bxe3 16. Qxe3 {½-½ (16) Marciano,D (2522)-Degraeve,J (2540) Vichy 2000}) 8. Re1 Be7 9. Bf1 {[%emt 0:03:41] White is slightly better.} d6 {[%emt 0:01:11] Prevents e5.} 10. d4 cxd4 11. Nxd4 Ne5 12. Qe2 O-O 13. Be3 b6 14. Rac1 Re8 15. f3 Bb7 16. b3 Kh8 17. Qf2 Ned7 18. Red1 Rg8 19. Nde2 g5 20. g4 h5 21. Ng3 hxg4 (21... Rg7 $14 {should be considered.}) 22. hxg4 $16 Rg7 23. Bd4 (23. Kg2 $16) 23... Qd8 24. Bg2 (24. Kg2 $16) 24... Qf8 (24... Kg8 $11 {keeps the balance.}) 25. Na4 $1 b5 26. cxb5 axb5 27. Nb2 Rh7 28. Rc7 {[%emt 0:01:01] Rxd7 is the strong threat.} Qd8 29. Rdc1 {[%emt 0:04:32] Hoping for Qd2.} Kg8 (29... Nc5 $2 30. Rxe7 $1 Qxe7 31. e5 $18) 30. Qd2 Ne8 31. R7c2 Nf8 32. Nh5 e5 33. Be3 Ne6 34. Qf2 N8g7 35. Nxg7 Kxg7 36. Bb6 Qh8 37. Nd3 Nf4 (37... Bd8 $11 {remains equal.}) 38. Nxf4 gxf4 {[%emt 0:00:07] [#]} 39. Ba7 ({Better is} 39. Bc7 $1 $16 {Strongly threatening Qa7.} Re8 40. Rd1 (40. Qb6 Bc8 $16)) 39... Re8 40. Qb6 Ba8 (40... Bc8 $16 41. Qxb5 Be6) 41. Qxb5 $18 Bh4 (41... Qf8 $142 42. a4 Rh8) 42. Qd7 $2 (42. a4 $18) 42... Bg3 $2 ({Black should play} 42... Rd8 $1 $14 43. Qb5 Rh6) 43. Kf1 {[%emt 0:08:33] Threatens to win with Rc7.} ({Don't take} 43. Qxd6 $6 Bb7 $18) (43. Rc7 $6 Rh1+ 44. Bxh1 Qh2+ 45. Kf1 Qxh1+ 46. Ke2 Qg2+ 47. Kd3 Qxf3+ 48. Kd2 Rf8 $18) 43... Re6 44. Rc8 $2 ({White should try} 44. Rc7 $18 Qe8 45. a4) 44... Rh1+ $1 $11 45. Bxh1 Qxh1+ 46. Ke2 Qg2+ 47. Kd1 $4 {[%emt 0:00:53][%mdl 8192] [#]} (47. Kd3 $11 Qxf3+ 48. Kc4 Bxe4 49. Qd8) 47... Rh6 $1 $19 {[%emt 0:02:55] ( -> ...Rh1+)} 48. Rg8+ (48. Qxf7+ Kxf7) 48... Kxg8 49. Qd8+ Kg7 (49... Kh7 $142 50. Bg1 Qxg1+ 51. Kc2 Rh2+ 52. Kb1 Qf2 53. Qg8+ Kxg8 54. Rc8+ Kh7 55. Rh8+ Kxh8 56. g5 Rh1#) 50. Qd7 Kg8 $2 {[%emt 0:00:30][%mdl 32768] Weighted Error Value: White=0.64/Black=0.42. Sensor Board Error (Ke4/e5)?} (50... Rh1+ {mates} 51. Bg1 Rxg1#) 0-1

[Event "1st Rio Chess Open 2022"]
[Site "Rio de Janeiro"]
[Date "2022.04.22"]
[Round "2.4"]
[White "Hoffman, Alejandro"]
[Black "Ramos, Angelo Bil"]
[Result "1-0"]
[ECO "D36"]
[WhiteElo "2389"]
[BlackElo "1972"]
[Annotator "TA"]
[PlyCount "55"]
[EventDate "2022.04.18"]
[EventType "swiss"]
[EventCountry "BRA"]
[SourceTitle "playchess.com"]
[Source "ChessBase"]
[SourceQuality "1"]
[TimeControl "5400+30"]

1. d4 Nf6 2. c4 e6 3. Nc3 d5 4. cxd5 exd5 5. Bg5 Be7 6. e3 c6 7. Qc2 Nbd7 8. Bd3 Nh5 9. Bxe7 Qxe7 10. Nge2 Nb6 {[%emt 0:05:07] is now more promising than 10...g6.} 11. O-O Nf6 {[%emt 0:10:31] D36: Queen's Gambit Declined: Exchange Variation: Main line (5 Bg5 c6 6 Qc2).} 12. Rae1 O-O 13. Nc1 {[%emt 0:02:43] [#]} Qd6 $146 {[%emt 0:04:32] The position is equal.} ({Predecessor:} 13... Be6 14. f3 Rad8 15. Nb3 Nc8 16. Nc5 Rfe8 17. b4 b6 18. Nxe6 fxe6 19. a3 Nd6 {½-½ (48) Potkin,V (2583)-Kim,A (2464) Moscow 2019}) 14. f3 Bd7 15. Nb3 Rae8 16. Nd1 Bc8 17. Nf2 g6 18. e4 Nh5 19. e5 Qd8 20. g3 Qg5 21. Kh1 Ng7 22. f4 Qh5 (22... Qd8 $14) 23. Be2 {[%emt 0:00:00] Active counter play!} Qf5 24. Qc3 {[%emt 0:00:00] [#] Strongly threatening Nc5.} Qd7 {[%emt 0:02:55] Black cannot hold the game after this.} (24... Qe6 $16) 25. Ng4 $18 {[%emt 0:00:00] aiming for Nf6+.} Nh5 (25... Kh8 $142 26. Nf6 Qd8 27. Nxe8 Rxe8) 26. f5 {[%emt 0:00:00] And now Nh6+ would win.} Qd8 27. Qc1 Bxf5 (27... Kh8 {is a better defense.} 28. Nh6 Ng7 29. fxg6 fxg6 30. Nf7+ Rxf7) 28. Nh6+ {[%emt 0:00:00] Weighted Error Value: White=0.05 (flawless) /Black=0.41} 1-0

[Event "1st Rio Chess Open 2022"]
[Site "Rio de Janeiro"]
[Date "2022.04.22"]
[Round "3.1"]
[White "Mekhitarian, Krikor Sevag"]
[Black "Ferreira, Thales Bond Dias"]
[Result "1-0"]
[ECO "A59"]
[WhiteElo "2569"]
[BlackElo "2086"]
[Annotator "TA"]
[PlyCount "63"]
[EventDate "2022.04.18"]
[EventType "swiss"]
[EventCountry "BRA"]
[SourceTitle "playchess.com"]
[Source "ChessBase"]
[SourceQuality "1"]
[TimeControl "5400+30"]

1. d4 Nf6 2. c4 c5 3. d5 b5 4. cxb5 a6 5. bxa6 g6 6. Nc3 Bxa6 7. e4 Bxf1 8. Kxf1 d6 9. g3 Bg7 10. Kg2 O-O 11. Nf3 Nbd7 12. Qe2 Qb6 {[%emt 0:05:08] is now more promising than 12...Qa5.} 13. Rd1 {[%emt 0:11:27] [#] A59: Benko/Volga Gambit: White castles by hand.} ({White should play} 13. a4 $16) 13... Ne8 $146 (13... Qa6 $11) ({Predecessor:} 13... Qa6 14. Qc2 Rfb8 15. a4 Rb4 16. Ra3 Rab8 17. a5 Ne8 18. Re1 Nc7 19. Nd1 Nb5 20. Ra4 Rxa4 21. Qxa4 {½-½ (38) Czerw,D (2413)-Licznerski,L (2387) Szklarska Poreba 2021}) 14. Bg5 $16 f6 15. Bf4 {[%emt 0:03:10] White is better.} Nc7 16. Rac1 Rfb8 17. b3 Qa6 18. Qc2 {[%emt 0:10:44] &Bianco is more active.} Nb5 19. Nxb5 Rxb5 20. a4 Rb7 21. Nd2 Rab8 22. Rb1 Ne5 (22... g5 $16) 23. Bxe5 $18 fxe5 24. Nc4 Rb4 25. Rd3 Qb7 $2 {[%emt 0:01:12] [#]} (25... Bf6 26. a5 Bg7) 26. Na5 {[%emt 0:06:06] White is clearly winning.} Qc7 27. Nc6 Rxe4 28. Nxb8 Qxb8 29. b4 Rxb4 30. Rdb3 Qa8 31. Rxb4 cxb4 32. Qc6 {[%emt 0:19:23] Weighted Error Value: White=0.09 (flawless) /Black=0.47} 1-0

[Event "1st Rio Chess Open 2022"]
[Site "Rio de Janeiro"]
[Date "2022.04.22"]
[Round "3.2"]
[White "Nemeth Junior, Henrique"]
[Black "Di Berardino, Diego Rafael"]
[Result "1-0"]
[ECO "B63"]
[WhiteElo "2096"]
[BlackElo "2490"]
[Annotator "TA"]
[PlyCount "63"]
[EventDate "2022.04.18"]
[EventType "swiss"]
[EventCountry "BRA"]
[SourceTitle "playchess.com"]
[Source "ChessBase"]
[SourceQuality "1"]
[TimeControl "5400+30"]

1. e4 c5 2. Nf3 Nc6 3. d4 cxd4 4. Nxd4 Nf6 5. Nc3 d6 6. Bg5 e6 7. Qd2 Be7 8. O-O-O O-O 9. f3 a6 10. h4 Nxd4 11. Qxd4 b5 12. Kb1 Bb7 13. g4 {[%emt 0:08:15] is the new trend.} Rc8 14. Bd3 {[%emt 0:09:45] B63: Sicilian: Richter-Rauzer: 7...Be7 and unusual Black 7th moves.} Qc7 15. h5 h6 16. Bd2 {[%emt 0:17:03] [#] Black is slightly better.} e5 $146 (16... d5 $15 17. exd5 Nxd5) ({Predecessor:} 16... Qc5 17. Ne2 d5 18. e5 Nd7 19. f4 f6 20. Qxc5 Bxc5 21. exf6 Nxf6 22. g5 hxg5 23. fxg5 {0-1 (35) Ertl,J (2274)-Danner,G (2393) Austria 2016}) 17. Qg1 $11 Nh7 {[%emt 0:00:56] Inhibits g5.} 18. Nd5 Bxd5 19. exd5 Bg5 $1 (19... Nf6 $2 20. g5 hxg5 21. Qxg5 Nxd5 22. Qf5 $18) 20. Bf5 Rb8 21. Bxh7+ Kxh7 22. Bxg5 hxg5 23. Qe3 Qe7 24. Qe4+ Kg8 25. f4 $2 {[%emt 0:09:10] [#]} (25. Qb4 $11 {and White has nothing to worry.}) 25... gxf4 $19 26. g5 Qxg5 27. Rdg1 Qh6 28. Qf5 Rbe8 29. Rg4 e4 30. Rhg1 Re5 $2 (30... f3 $19 {Threatens to win with ...Re5.} 31. Rxg7+ Qxg7 32. Rxg7+ Kxg7) 31. Rxg7+ $15 Kh8 $2 {[%emt 0:01:00][%mdl 8192] [#]} (31... Qxg7 $17 32. Rxg7+ Kxg7 33. h6+ Kxh6 34. Qxf4+ Kh5 35. Qh2+ Kg6 36. Qg2+ Kf6 37. Qf2+ Rf5 38. Qh4+ Rg5 39. Qf4+ Kg6 40. Qxe4+ f5 41. Qe6+ Rf6 42. Qg8+ (42. Qe8+ Kh7 $15) 42... Kh5 43. Qh8+ Rh6 44. Qe8+ Rhg6 45. Qh8+ Kg4) 32. Rh7+ $1 {[%emt 0:00:56][%mdl 512] Never resign too early!  Weighted Error Value: White=0.36/Black=0.44} 1-0

[Event "1st Rio Chess Open 2022"]
[Site "Rio de Janeiro"]
[Date "2022.04.22"]
[Round "3.3"]
[White "Rodriguez Vila, Andres"]
[Black "Lima, Kleyton Alcantara"]
[Result "1-0"]
[ECO "B50"]
[WhiteElo "2435"]
[BlackElo "2080"]
[Annotator "TA"]
[PlyCount "89"]
[EventDate "2022.04.18"]
[EventType "swiss"]
[EventCountry "BRA"]
[SourceTitle "playchess.com"]
[Source "ChessBase"]
[SourceQuality "1"]
[TimeControl "5400+30"]

1. e4 c5 2. Nf3 e6 3. b3 Nc6 4. Bb2 d6 5. Bb5 Bd7 6. O-O e5 {[%emt 0:02:27] Inhibits d4. B50: Sicilian: 2...d6, Miscellaneous.} ({Black should try} 6... a6 $11 7. Bxc6 Bxc6) 7. c3 $14 Nf6 8. d4 Qc7 {[%emt 0:00:24] White is slightly better.} 9. Nbd2 {[%emt 0:02:50][%cal Bb1d2,Bd2c4,Bc4e3][%mdl 32] [#]} Nb8 $146 ({Predecessor:} 9... a6 10. Bd3 Be7 11. Nc4 h6 12. Ne3 O-O 13. d5 Na7 14. c4 Nh7 15. h4 h5 {½-½ (45) Bergez,L (2395)-Boros,D (2465) Budapest 2006}) 10. Bd3 Be7 11. Nc4 Nc6 12. Ne3 O-O 13. Re1 Rfe8 14. d5 Nb8 15. Kh1 ({Better is} 15. a4 $16) 15... Ng4 16. Qe2 Nxe3 17. Qxe3 Bg4 18. Ng1 Bh5 19. Qh3 Bg6 20. Ne2 {[%emt 0:02:27] White is more active.} Bg5 21. g3 Qd7 22. Qg2 {[%emt 0:01:31] Black must now prevent f4.} Bh5 (22... f5 $11 {remains equal.}) 23. f3 {[%emt 0:00:20] Threatens to win with h4.} Qe7 24. h4 Bh6 25. Qf2 f6 26. Rg1 f5 27. exf5 Bxf3+ {[%emt 0:00:03][%mdl 64] Remove Defender, Decoy} 28. Qxf3 e4 29. f6 exf3 30. fxe7 {[%emt 0:00:05] And now Nf4 would win.} fxe2 31. Bxe2 Rxe7 32. Bg4 Na6 (32... Nd7 $142) 33. Rae1 $16 Rae8 (33... Rxe1 $16 34. Rxe1 Rf8 35. Be6+ Kh8) 34. Rxe7 $1 $18 Rxe7 35. Be6+ Kf8 36. c4 (36. g4 $142 $1 ) 36... Nb4 $16 37. Kg2 $36 {[%emt 0:05:01][%mdl 2048] Black is under strong pressure.} a6 38. g4 (38. Rf1+ Ke8 $14) 38... Nd3 39. Rf1+ Ke8 {[%emt 0:03:18] [#]} 40. Bc3 {[%emt 0:00:33] Strongly threatening g5.} ({But not} 40. g5 {[#]} Bxg5 $1 41. hxg5 Nxb2 $15) 40... Nf4+ (40... Be3 $16 {was called for.}) 41. Kf3 $18 {[%emt 0:00:12] Hoping for g5.} Nxe6 42. dxe6 g6 $2 (42... g5) 43. Re1 Bg7 $2 (43... Kf8 44. Bf6 Re8) 44. Bxg7 Rxg7 45. Ke4 {[%emt 0:36:21] Weighted Error Value: White=0.11 (very precise) /Black=0.33} 1-0

[Event "1st Rio Chess Open 2022"]
[Site "Rio de Janeiro"]
[Date "2022.04.22"]
[Round "3.4"]
[White "Paulino, Domingos"]
[Black "Hoffman, Alejandro"]
[Result "0-1"]
[ECO "D94"]
[WhiteElo "2082"]
[BlackElo "2389"]
[Annotator "TA"]
[PlyCount "70"]
[EventDate "2022.04.18"]
[EventType "swiss"]
[EventCountry "BRA"]
[SourceTitle "playchess.com"]
[Source "ChessBase"]
[SourceQuality "1"]
[TimeControl "5400+30"]

1. d4 c5 2. e3 Nf6 3. Nf3 g6 4. Be2 Bg7 5. O-O O-O 6. c4 cxd4 7. exd4 d5 8. Nc3 Nc6 9. h3 b6 10. Bf4 Bb7 11. Rc1 dxc4 12. Bxc4 Rc8 13. Be2 Nd5 14. Nxd5 {[%emt 0:00:30] D94: Grünfeld: 4 Nf3 Bg7 5 e3.} Qxd5 15. Bc4 Qf5 16. Be3 {[%emt 0:00:30] [#] Black is slightly better.} Na5 $146 ({Predecessor:} 16... Rfd8 17. Ng5 e6 18. Bd3 Qd5 19. Be4 Qd7 20. Qe2 Nxd4 21. Bxd4 Bxd4 22. Rcd1 Qe7 {0-1 (38) Von der Weth,C-Seils,G Salzwedel 1982}) 17. Be2 Rxc1 18. Qxc1 Rc8 19. Qd1 Nc4 {[%emt 0:00:30] White is on the road to losing.} 20. Qb3 Nxe3 {[%emt 0:00:30] Black is much more active.} 21. Qxe3 e6 22. Rc1 {[%emt 0:00:30] Prevents Qc2.} Rxc1+ 23. Qxc1 Bxf3 24. Bxf3 ({Not} 24. Qc8+ $2 Bf8 25. gxf3 Qb1+ 26. Bf1 Qxb2) 24... Bxd4 25. b3 h5 26. Qd1 e5 27. Qe2 h4 28. Qe4 Qg5 {[%emt 0:00:30] [#] ( -> ...Qc1+)} 29. Qc2 {[%emt 0:00:30] Against Qc1+} Qf4 30. Bd5 (30. b4 $142) 30... Kg7 31. Qe2 (31. Kf1 {was necessary.}) 31... Qc1+ $19 32. Qf1 $2 {[%emt 0:00:30] [#]} (32. Kh2) 32... Bxf2+ $1 {[%emt 0:00:30][%mdl 512] Black is clearly winning.} 33. Kxf2 Qc5+ 34. Ke1 Qxd5 35. Qf2 Qe4+ {[%emt 0:00:30] Weighted Error Value: White=0.38/Black=0.06 (flawless)} 0-1

[Event "1st Rio Chess Open 2022"]
[Site "Rio de Janeiro"]
[Date "2022.04.22"]
[Round "3.5"]
[White "Cunha, Lucas Aguiar"]
[Black "Soares, Joao Carlos T. C."]
[Result "0-1"]
[ECO "B12"]
[WhiteElo "2328"]
[BlackElo "2064"]
[Annotator "TA"]
[PlyCount "154"]
[EventDate "2022.04.18"]
[EventType "swiss"]
[EventCountry "BRA"]
[SourceTitle "playchess.com"]
[Source "ChessBase"]
[SourceQuality "1"]
[TimeControl "5400+30"]

1. e4 c6 2. d4 d5 3. e5 Bf5 4. c4 e6 5. Nc3 dxc4 6. Bxc4 Nd7 7. Nge2 h6 {[%emt 0:04:20] B12: Caro-Kann: Advance Variation.} 8. O-O Ne7 9. Ng3 Nb6 {[%emt 0:00:52] White has an edge.} 10. Bb3 Bg6 11. f4 {[%emt 0:00:28] [#]} h5 $146 ({Predecessor:} 11... Ned5 12. f5 exf5 13. Nxf5 Bxf5 14. Rxf5 g6 15. Rf2 Qd7 16. Ne4 O-O-O 17. Qf3 Rh7 {1-0 (59) Petrov,M (2457)-Villiers,T (2165) Newcastle on Tyne 2021}) 12. f5 (12. Be3 $11) 12... Nxf5 $15 13. Nxf5 Bxf5 14. Rxf5 exf5 $17 15. Be3 Qh4 (15... Bb4 $17 {next ...g6 is good for Black.} 16. a3 Bxc3 17. bxc3 Nd5) 16. d5 (16. Qd2 $11 Rd8 17. Rf1) 16... Qg4 17. Qf1 {[%emt 0:02:01][%cal Oc3b5] Threatens to win with Nb5!} Be7 18. h3 Qg3 19. Bf4 (19. Re1 $1 $11) 19... Bc5+ $19 20. Kh1 Qf2 21. d6 Qxf1+ ({Not} 21... Qxb2 22. Ne2 $11) 22. Rxf1 a5 {[%emt 0:00:00][%cal Ba7a5,Ba5a4][%mdl 32] And now ...a4 would win.} 23. a3 a4 24. Ba2 Bd4 $2 (24... h4 $19 {...Rh7 is the strong threat.} 25. Bg5 g6) 25. e6 $2 (25. Ne2 $1 $11 Bc5 26. Bg5) 25... Bxc3 $2 (25... fxe6 $19 26. Bxe6 Rf8) 26. bxc3 {[%emt 0:00:00] [#]} (26. exf7+ $15 Kf8 27. bxc3) 26... Nd5 $1 27. Bxd5 cxd5 $17 {[%emt 0:00:00][%mdl 4096] Endgame KRR-KRB} 28. Rb1 (28. Re1 $17 {was called for.}) 28... fxe6 $19 {[%emt 0:00:00] Strongly threatening ...Rb8.} 29. Rxb7 O-O 30. d7 (30. Bg5 {was necessary.}) 30... Rad8 31. Bg5 Rf6 32. Kg1 ({Much weaker is} 32. Bxf6 gxf6 33. c4 dxc4) 32... Kf7 33. Ra7 Ke7 34. Rxa4 Rxd7 35. Bf4 (35. Rb4 $142) 35... Rf8 36. Be5 g6 37. Kf2 Rc8 38. Bd4 Rdc7 {[%emt 0:00:51] Hoping for ...Kd6.} 39. Be5 Rxc3 40. Ra7+ Kf8 41. h4 $2 (41. Bxc3 Rxc3 42. a4) 41... Rb3 42. a4 Rc2+ 43. Kg1 Re3 44. Ra8+ Ke7 {[%emt 0:00:24] ( -> ...Re1+)} 45. Ra7+ Ke8 46. Ra8+ Kd7 47. Ra7+ Kc8 48. Bd4 Ree2 49. Ra8+ Kb7 50. Ra7+ Kb8 51. Re7 Rxg2+ 52. Kf1 Rgd2 53. Be5+ Kc8 54. Bg3 Rd1+ 55. Be1 Ra1 (55... Rcc1 $142 56. Rxe6 d4 57. Kf2 d3 58. Ba5 Rc2+ 59. Kg3 Rf1 60. Re8+ Kb7 61. Re7+ Ka6 62. Bc7 d2 63. Rd7 d1=Q 64. Rxd1 Rc3+ 65. Rd3 Rxd3+ 66. Kg2 Ra1 67. Bg3 Ra2+ 68. Bf2 Ka5 69. Kg1 Rdd2 70. Kh1 Rxf2 71. Kg1 Kxa4 72. Kh1 Rf1#) 56. a5 Rcc1 57. Rxe6 {[%emt 0:00:00] [#]} Rxa5 (57... Rxe1+ $142 $1 58. Rxe1 Rxe1+ 59. Kxe1 d4 60. Kf2 f4 61. Kf3 d3 62. a6 Kb8 63. Kxf4 d2 64. Kg5 d1=Q 65. Kh6 Qd4 66. Kg5 Ka7 67. Kxg6 Qxh4 68. Kf5 Qg4+ 69. Kf6 h4 70. Kf7 h3 71. Kf6 h2 72. Ke7 h1=Q 73. Kf6 Qhe4 74. Kf7 Qh7+ 75. Kf8 Qgg8#) 58. Ke2 Rc2+ 59. Kd3 Raa2 60. Rxg6 Rg2 61. Rf6 Rg4 {[%emt 0:00:50] aiming for ...Ra3+.} 62. Rxf5 Ra3+ 63. Kc2 Rg2+ 64. Kb1 Rd3 (64... Re2 $142 65. Rxh5 Rxe1+ 66. Kb2 Ra5 67. Rh6 Rc5 68. Rg6 d4 69. Rg3 Re2+ 70. Kb1 Rh2 71. h5 Rhxh5 72. Rg8+ Kb7 73. Rg7+ Kc6 74. Rf7 d3 75. Rf2 Kd5 76. Kb2 Ke4 77. Rf8 Rb5+ 78. Ka3 Kd4 79. Ra8 d2 80. Rd8+ Kc3 81. Rc8+ Rhc5 82. Rxc5+ Rxc5 83. Ka4 d1=Q+ 84. Ka3 Qb3#) 65. Kc1 Ra3 (65... Rd4 $142 66. Bf2 Re4) 66. Kb1 $1 d4 (66... Re2 $142 67. Rxh5 Rxe1+ 68. Kb2 Ra5 69. Rh8+ Kd7) 67. Rxh5 Re3 {[%emt 0:00:28][%cal Re3e1] Black mates.} 68. Ba5 Rb3+ 69. Kc1 Ra3 70. Kb1 d3 71. Bb4 Rb3+ 72. Ka1 Rg1+ 73. Ka2 Rxb4 74. Rd5 Rg3 75. h5 Rh4 76. Kb2 Rgh3 77. Kc3 Rxh5 {[%emt 0:00:02] Weighted Error Value: White=0.67/Black=0.27 (precise)} 0-1

[Event "1st Rio Chess Open 2022"]
[Site "Rio de Janeiro"]
[Date "2022.04.22"]
[Round "3.6"]
[White "Alboredo, Julia"]
[Black "De Carli Filho, Carlos"]
[Result "1-0"]
[ECO "B48"]
[WhiteElo "2252"]
[BlackElo "2054"]
[Annotator "TA"]
[PlyCount "41"]
[EventDate "2022.04.18"]
[EventType "swiss"]
[EventCountry "BRA"]
[SourceTitle "playchess.com"]
[Source "ChessBase"]
[SourceQuality "1"]
[TimeControl "5400+30"]

1. e4 c5 2. Nf3 e6 3. d4 cxd4 4. Nxd4 Nc6 5. Nc3 Qc7 6. Be3 a6 7. g4 $1 {[%emt 0:00:08][%mdl 4] is currently scoring better than 7.Qd2. B48: Sicilian: Taimanov: 5 Nc3 Qc7 6 Be3 a6 without Be2.} b5 8. Nxc6 dxc6 9. Qf3 {[%emt 0:00:18] White is slightly better.} Bd6 10. O-O-O Ne7 11. h4 {[%emt 0:01:43][%cal Bh2h4,Bh4h5][%mdl 32] [#]} Bb7 $146 ({Predecessor:} 11... Rb8 12. Rxd6 Qxd6 13. e5 Qc7 14. Ne4 O-O 15. Bc5 Bb7 16. Bd6 Qa5 17. Bd3 c5 18. Bxe7 c4 19. Nf6+ gxf6 20. Qxf6 h6 21. Qxh6 f5 22. exf6 {1-0 (22) Pichot,A (2630)-Sargsyan,A (2397) Belgrade 2021}) 12. h5 h6 13. Kb1 Be5 14. Bc5 O-O $2 {[%emt 0:00:00] [#] This costs Black the game.} ({Better is} 14... Ng8 $1 $14) 15. g5 $1 $18 hxg5 16. h6 $36 {[%emt 0:00:20][%mdl 2048] White is on the roll.} gxh6 $2 (16... Ng6 {is a better defense.}) 17. Rxh6 {[%emt 0:01:07] Threatens to win with Qh5.} Rfd8 $2 {[%emt 0:00:00] [#]} (17... Kg7) 18. Bd3 $1 Ng6 19. Rdh1 {[%emt 0:09:20] Qh5 is the strong threat.} Bg7 20. Qh5 {[%emt 0:01:29][%cal Oh6h8] Threatening mate with Rh8+!} Qe5 {[%emt 0:00:00] [#]} 21. Rh8+ $1 {[%emt 0:00:20][%mdl 512] Weighted Error Value: White=0.07 (flawless) /Black=0.95} 1-0